Ducks vs Blackhawks

Created - 21 décembre 2021 at 15:54

Goals
1 2 3 T
Ducks 1 0 1 2
Blackhawks 0 0 1 1
Shots
1 2 3 T
Ducks 11 10 13 34
Blackhawks 8 11 12 31

GoalsPenalties
1st period
1. Ducks , Travis Konecny 6 (Mikhail Sergachev 21, Joel Eriksson Ek 3) at 17:27
Damon Severson (ANA) for Interference (Minor) at 1:40
Justin Holl (CHI) for Holding (Minor) at 7:18
2nd period
No Goal
Jean-Gabriel Pageau (ANA) for Hooking (Minor) at 0:57
Dmitry Orlov (CHI) for Holding (Minor) at 14:58
3rd period
2. Ducks , Evgeni Malkin 13 (Thomas Chabot 12) at 2:15
3. Blackhawks , Matt Calvert 5 (Rocco Grimaldi 2, Roman Josi 22) at 6:13
Mikhail Sergachev (ANA) for Holding (Minor) at 4:10
Mikhail Sergachev (ANA) for Interference (Minor) at 8:39
Goalie Stats
Tristan Jarry (ANA), 30 saves from 31 shots - (0,968), W, 14-13-0, 60:00 minutes
Carey Price (CHI), 32 saves from 34 shots - (0,941), L, 14-9-2, 59:14 minutes
3 StarsOfficial
1 - Tristan Jarry (ANA)
2 - Travis Konecny (ANA)
3 - Carey Price (CHI)
Referees : Steve Kozari and Gord Dwyer
Linesman : Steve Miller and Vaughan Rody
Game Note
No Game Note
Finance
Level 1 -- Attendance: 4551 (91,02%) -- Ticket Income 318 570 $
Level 2 -- Attendance: 4000 (100,00%) -- Ticket Income 200 000 $
Level 3 -- Attendance: 2728 (90,93%) -- Ticket Income 81 840 $
Level 4 -- Attendance: 4000 (100,00%) -- Ticket Income 80 000 $
Luxury Box -- Attendance: 969 (96,90%) -- Ticket Income 106 590 $
Game was played at the United Center.
Total Attendance: 16248 (95,58%)
Total Ticket Income: 787 000 $
Other Income: 385 630 $
Total Income: 1 172 630 $



Team Name Goals Shots Shots Attemp Shots Blocked PIM HIT PP PK FO%
Ducks 23457108200 / 2 (0%)048%
Blackhawks 13161124290 / 4 (0%)052%

Ducks
Player Name POS G A P +/- PIM HIT SHT SB MP PP MP PP SHT PK MP PK SHT FO% FOT
Chris TierneyC000-1000010:480:0004:06075% 4
Damon SeversonD0001202019:181:4412:5400% 0
Eeli TolvanenLW/RW0001031010:040:0000:0000% 4
Evgeni MalkinC1011004016:282:1400:00025% 4
Jan RuttaD0000011317:370:0004:0810% 0
Jean-Gabriel PageauC0000213021:311:4402:42041% 34
Jeremy LauzonD0000011118:160:0003:4800% 0
Joel Eriksson EkC/LW/RW0111010015:180:0004:15067% 15
John MarinoD0001003323:551:4413:5800% 0
Kirill KaprizovLW0000005018:212:1410:0000% 1
Lars EllerC0001022219:340:0004:40058% 19
Mikhail SergachevD0110420122:132:1401:0400% 0
Ondrej PalatLW0001023015:581:4410:00050% 2
Roope HintzC/LW0000043018:402:1400:0000% 1
Thomas ChabotD0110021018:382:1400:0000% 0
Travis KonecnyRW1011015011:481:4400:0000% 0
Zach Aston-ReeseC/LW/RW000-100006:510:0000:0900% 0
Zemgus GirgensonsC/LW/RW000-100006:420:0000:0000% 0
Blackhawks
Player Name POS G A P +/- PIM HIT SHT SB MP PP MP PP SHT PK MP PK SHT FO% FOT
Anthony BitettoD0001021414:550:0001:3900% 0
Cam FowlerD000-1013222:134:5222:3010% 0
Derek GrantC/LW0000012018:554:3000:000100% 1
Dmitry OrlovD000-1240023:563:0400:5400% 0
Gabriel LandeskogLW0000061020:283:2602:08075% 4
Jakub VoracekLW/RW0000000018:554:3000:0000% 0
Jason DickinsonC/LW000-1021011:120:0000:0000% 0
Jonathan ToewsC0000004120:103:2621:50057% 28
Jordan StaalC0000020020:404:3001:45055% 22
Justin HollD000-1220120:584:5201:1600% 0
Kyle PalmieriRW0000024018:203:2610:00050% 2
Marc StaalD0001001113:160:0000:0000% 0
Matt CalvertLW/RW101001507:400:0000:0500% 0
Nick BoninoC000-1001113:200:0002:08040% 15
Patric HornqvistRW000-1023111:120:0000:0000% 1
Rocco GrimaldiC/RW011001107:350:0000:0000% 1
Roman JosiD011-1022124:403:0421:3700% 0
Tomas NosekC/LW000001207:350:0000:00050% 10

Ducks

5 vs 5 Forward
Line #Left WingCenterRight WingPHYDFOFWanted %Time %Time Play
1Kirill KaprizovJean-Gabriel PageauRoope Hintz0143734%16:07
2Ondrej PalatLars EllerEvgeni Malkin0233230%14:14
3Eeli TolvanenJoel Eriksson EkTravis Konecny0322221%10:04
4Zemgus GirgensonsChris TierneyZach Aston-Reese131914%6:42
5 vs 5 Defense
Line #DefenseDefensePHYDFOFWanted %Time %Time Play
1Mikhail SergachevJohn Marino1403937%17:14
2Thomas ChabotDamon Severson1403331%14:41
3Jeremy LauzonJan Rutta1312729%13:29
4Mikhail SergachevThomas Chabot02314%1:43
Power Play Forward
Line #Left WingCenterRight WingPHYDFOFWanted %Time %Time Play
1Roope HintzEvgeni MalkinKirill Kaprizov1045656%2:14
2Ondrej PalatJean-Gabriel PageauTravis Konecny0054444%1:44
Power Play Defense
Line #DefenseDefensePHYDFOFWanted %Time %Time Play
1Mikhail SergachevThomas Chabot1135456%2:14
2John MarinoDamon Severson0054644%1:44
Penalty Kill 4 Players Forward
Line #CenterWingPHYDFOFWanted %Time %Time Play
1Lars EllerJoel Eriksson Ek1405054%4:15
2Jean-Gabriel PageauChris Tierney1405046%3:41
Penalty Kill 4 Players Defense
Line #DefenseDefensePHYDFOFWanted %Time %Time Play
1John MarinoJeremy Lauzon0505048%3:48
2Damon SeversonJan Rutta0505052%4:08
Penalty Kill 3 Players
Line #WingPHYDFOFWanted %Time %Time PlayDefenseDefensePHYDFOFWanted %Time %Time Play
1Lars Eller140500%0:00 John MarinoJeremy Lauzon050500%0:00
2Jean-Gabriel Pageau050500%0:00 Damon SeversonJan Rutta050500%0:00
4 vs 4 Forward
Line #CenterWingPHYDFOFWanted %Time %Time Play
1Evgeni MalkinKirill Kaprizov122500%0:00
2Jean-Gabriel PageauRoope Hintz122500%0:00
4 vs 4 Defense
Line #DefensePHYDFOFWanted %Time %Time Play
1Mikhail SergachevThomas Chabot122500%0:00
2Damon SeversonJohn Marino122500%0:00
Last Minutes Offensive
Left WingCenterRight WingDefenseDefense
Roope HintzEvgeni MalkinKirill KaprizovMikhail SergachevThomas Chabot
Last Minutes Defensive
Left WingCenterRight WingDefenseDefense
Lars EllerJean-Gabriel PageauJoel Eriksson EkJohn MarinoJeremy Lauzon
Time
Total ForwardTotal DefenseLast Minutes OffensiveLast Minutes Defensive
60:00 60:00 0:000:59
Extra Forwards
Normal PowerPlayPenalty Kill
Roope Hintz, Joel Eriksson Ek, Kirill KaprizovKirill Kaprizov, Jean-Gabriel PageauLars Eller
Extra Defensemen
Normal PowerPlayPenalty Kill
Mikhail Sergachev, Jeremy Lauzon, Damon SeversonMikhail Sergachev, Jan RuttaDamon Severson
Penalty Shots
Kirill Kaprizov, Evgeni Malkin, Roope Hintz, Travis Konecny, Eeli Tolvanen
Goalie
Tristan Jarry, Henrik Lundqvist
Custom OT Lines Forwards
Evgeni Malkin, Kirill Kaprizov, Jean-Gabriel Pageau, Roope Hintz, Joel Eriksson Ek, Ondrej Palat, Lars Eller, Travis Konecny, Chris Tierney, Eeli Tolvanen
Custom OT Lines Defensemen
Mikhail Sergachev, Thomas Chabot, John Marino, Jeremy Lauzon, Damon Severson
Scratches
Jacob de la Rose (Healthy), Vince Dunn (Healthy)

Blackhawks

5 vs 5 Forward
Line #Left WingCenterRight WingPHYDFOFWanted %Time %Time Play
1Gabriel LandeskogJonathan ToewsKyle Palmieri1223030%13:55
2Derek GrantJordan StaalJakub Voracek1223031%14:25
3Jason DickinsonNick BoninoPatric Hornqvist1222424%11:12
4Matt CalvertTomas NosekRocco Grimaldi1221616%7:35
5 vs 5 Defense
Line #DefenseDefensePHYDFOFWanted %Time %Time Play
1Roman JosiDmitry Orlov1223028%13:19
2Justin HollCam Fowler1223032%14:51
3Marc StaalAnthony Bitetto1222428%13:16
4Roman JosiDmitry Orlov1221612%5:41
Power Play Forward
Line #Left WingCenterRight WingPHYDFOFWanted %Time %Time Play
1Gabriel LandeskogJonathan ToewsKyle Palmieri1225043%3:26
2Derek GrantJordan StaalJakub Voracek1225057%4:30
Power Play Defense
Line #DefenseDefensePHYDFOFWanted %Time %Time Play
1Roman JosiDmitry Orlov1225039%3:04
2Justin HollCam Fowler1225061%4:52
Penalty Kill 4 Players Forward
Line #CenterWingPHYDFOFWanted %Time %Time Play
1Jonathan ToewsJordan Staal1225046%1:50
2Gabriel LandeskogNick Bonino1225054%2:08
Penalty Kill 4 Players Defense
Line #DefenseDefensePHYDFOFWanted %Time %Time Play
1Roman JosiDmitry Orlov1225041%1:37
2Justin HollCam Fowler1225059%2:21
Penalty Kill 3 Players
Line #WingPHYDFOFWanted %Time %Time PlayDefenseDefensePHYDFOFWanted %Time %Time Play
1Jonathan Toews122500%0:00 Roman JosiDmitry Orlov122500%0:00
2Jordan Staal122500%0:00 Justin HollCam Fowler122500%0:00
4 vs 4 Forward
Line #CenterWingPHYDFOFWanted %Time %Time Play
1Jonathan ToewsJordan Staal122500%0:00
2Gabriel LandeskogNick Bonino122500%0:00
4 vs 4 Defense
Line #DefensePHYDFOFWanted %Time %Time Play
1Roman JosiDmitry Orlov122500%0:00
2Justin HollCam Fowler122500%0:00
Last Minutes Offensive
Left WingCenterRight WingDefenseDefense
Gabriel LandeskogJonathan ToewsKyle PalmieriRoman JosiDmitry Orlov
Last Minutes Defensive
Left WingCenterRight WingDefenseDefense
Gabriel LandeskogJonathan ToewsKyle PalmieriRoman JosiDmitry Orlov
Time
Total ForwardTotal DefenseLast Minutes OffensiveLast Minutes Defensive
60:00 60:00 0:590:00
Extra Forwards
Normal PowerPlayPenalty Kill
Patric Hornqvist, Jason Dickinson, Matt CalvertPatric Hornqvist, Jason DickinsonMatt Calvert
Extra Defensemen
Normal PowerPlayPenalty Kill
Marc Staal, Anthony Bitetto, Justin HollMarc Staal, Anthony BitettoJustin Holl
Penalty Shots
Jonathan Toews, Jordan Staal, Gabriel Landeskog, Nick Bonino, Derek Grant
Goalie
Carey Price, Petr Mrazek
Custom OT Lines Forwards
Jonathan Toews, Jordan Staal, Gabriel Landeskog, Nick Bonino, Derek Grant, Kyle Palmieri, Jakub Voracek, Patric Hornqvist, Jason Dickinson, Matt Calvert
Custom OT Lines Defensemen
Roman Josi, Dmitry Orlov, Justin Holl, Cam Fowler, Marc Staal
Scratches
Ben Hutton (Healthy), Christian Djoos (Healthy)


Play-by-Play

1st period


0:01 of 1st period - Jean-Gabriel Pageau wins face-off versus Jonathan Toews in neutral zone.
0:33 of 1st period - Kirill Kaprizov is hit by Dmitry Orlov.
0:37 of 1st period - Shot by Jean-Gabriel Pageau.
0:37 of 1st period - Shot Misses the Net.
0:52 of 1st period - Kirill Kaprizov is hit by Dmitry Orlov and loses puck.
1:40 of 1st period - Minor Penalty to Damon Severson for Interference.
1:41 of 1st period - Jordan Staal wins face-off versus Jean-Gabriel Pageau in Ducks zone.
2:01 of 1st period - Icing by Cam Fowler.
2:02 of 1st period - Lars Eller wins face-off versus Jordan Staal in Blackhawks zone.
2:02 of 1st period - Lars Eller is hit by Justin Holl.
4:01 of 1st period - Shot by Nick Bonino.
4:01 of 1st period - Shot Misses the Net.
4:32 of 1st period - Shot by Travis Konecny.
4:32 of 1st period - Stopped by Carey Price without a rebound.
4:33 of 1st period - Jean-Gabriel Pageau wins face-off versus Tomas Nosek in Blackhawks zone.
4:36 of 1st period - Shot by Roope Hintz.
4:36 of 1st period - Stopped by Carey Price without a rebound.
4:37 of 1st period - Tomas Nosek wins face-off versus Joel Eriksson Ek in Blackhawks zone.
4:52 of 1st period - Icing by John Marino.
4:53 of 1st period - Jordan Staal wins face-off versus Eeli Tolvanen in Ducks zone.
6:09 of 1st period - Shot by Matt Calvert.
6:09 of 1st period - Stopped by Tristan Jarry without a rebound.
6:10 of 1st period - Jean-Gabriel Pageau wins face-off versus Nick Bonino in Ducks zone.
6:10 of 1st period - Jean-Gabriel Pageau is hit by Patric Hornqvist.
6:36 of 1st period - Shot by Jean-Gabriel Pageau.
6:36 of 1st period - Shot Blocked by Anthony Bitetto.
6:38 of 1st period - Shot by Roope Hintz.
6:38 of 1st period - Shot Blocked by Anthony Bitetto.
6:40 of 1st period - Shot by Roope Hintz.
6:40 of 1st period - Shot Misses the Net.
6:42 of 1st period - Shot by Kirill Kaprizov.
6:42 of 1st period - Shot Blocked by Nick Bonino.
6:50 of 1st period - Shot by Kirill Kaprizov.
6:50 of 1st period - Stopped by Carey Price without a rebound.
6:51 of 1st period - Lars Eller wins face-off versus Jonathan Toews in Blackhawks zone.
6:51 of 1st period - Jeremy Lauzon is hit by Justin Holl and loses puck.
7:08 of 1st period - Evgeni Malkin is hit by Gabriel Landeskog and loses puck.
7:12 of 1st period - Jeremy Lauzon is hit by Cam Fowler and loses puck.
7:18 of 1st period - Minor Penalty to Justin Holl for Holding.
7:19 of 1st period - Jonathan Toews wins face-off versus Jean-Gabriel Pageau in Blackhawks zone.
7:38 of 1st period - Shot by Damon Severson.
7:38 of 1st period - Stopped by Carey Price without a rebound.
7:39 of 1st period - Jonathan Toews wins face-off versus Evgeni Malkin in Blackhawks zone.
8:47 of 1st period - Shot by John Marino.
8:47 of 1st period - Stopped by Carey Price with a rebound.
8:49 of 1st period - Shot by Jean-Gabriel Pageau.
8:49 of 1st period - Shot Misses the Net.
8:53 of 1st period - Shot by Ondrej Palat.
8:53 of 1st period - Stopped by Carey Price without a rebound.
8:54 of 1st period - Jean-Gabriel Pageau wins face-off versus Jonathan Toews in Blackhawks zone.
9:29 of 1st period - Icing by Zach Aston-Reese.
9:30 of 1st period - Chris Tierney wins face-off versus Nick Bonino in Ducks zone.
10:20 of 1st period - Icing by Jeremy Lauzon.
10:21 of 1st period - Derek Grant wins face-off versus Chris Tierney in Ducks zone.
10:40 of 1st period - Shot by Derek Grant.
10:40 of 1st period - Shot Misses the Net.
10:42 of 1st period - Shot by Derek Grant.
10:42 of 1st period - Shot Blocked by Jan Rutta.
11:17 of 1st period - Zach Aston-Reese is hit by Gabriel Landeskog and loses puck.
11:26 of 1st period - Shot by Gabriel Landeskog.
11:26 of 1st period - Shot Misses the Net.
11:28 of 1st period - Shot by Kyle Palmieri.
11:28 of 1st period - Stopped by Tristan Jarry without a rebound.
11:29 of 1st period - Tomas Nosek wins face-off versus Jean-Gabriel Pageau in Ducks zone.
11:38 of 1st period - Shot by Matt Calvert.
11:38 of 1st period - Stopped by Tristan Jarry without a rebound.
11:39 of 1st period - Lars Eller wins face-off versus Jonathan Toews in Ducks zone.
11:53 of 1st period - Icing by John Marino.
11:54 of 1st period - Jordan Staal wins face-off versus Lars Eller in Ducks zone.
11:57 of 1st period - Shot by Derek Grant.
11:57 of 1st period - Stopped by Tristan Jarry with a rebound.
12:12 of 1st period - Jordan Staal is hit by Mikhail Sergachev and loses puck.
12:29 of 1st period - Shot by Evgeni Malkin.
12:29 of 1st period - Stopped by Carey Price without a rebound.
12:30 of 1st period - Jonathan Toews wins face-off versus Kirill Kaprizov in Blackhawks zone.
12:30 of 1st period - Jonathan Toews is hit by Roope Hintz.
12:37 of 1st period - Jean-Gabriel Pageau is hit by Roman Josi and loses puck.
12:58 of 1st period - Shot by Roope Hintz.
12:58 of 1st period - Stopped by Carey Price without a rebound.
12:59 of 1st period - Tomas Nosek wins face-off versus Eeli Tolvanen in Blackhawks zone.
12:59 of 1st period - Tomas Nosek is hit by Travis Konecny.
13:09 of 1st period - Shot by Anthony Bitetto.
13:09 of 1st period - Stopped by Tristan Jarry without a rebound.
13:10 of 1st period - Lars Eller wins face-off versus Jordan Staal in Ducks zone.
13:51 of 1st period - Shot by Derek Grant.
13:51 of 1st period - Shot Misses the Net.
13:53 of 1st period - Shot by Jordan Staal.
13:53 of 1st period - Shot Misses the Net.
14:23 of 1st period - Shot by Roope Hintz.
14:23 of 1st period - Stopped by Carey Price without a rebound.
14:24 of 1st period - Nick Bonino wins face-off versus Joel Eriksson Ek in Blackhawks zone.
14:24 of 1st period - Nick Bonino is hit by Eeli Tolvanen.
15:40 of 1st period - Shot by Kirill Kaprizov.
15:40 of 1st period - Shot Blocked by Anthony Bitetto.
15:42 of 1st period - Shot by Mikhail Sergachev.
15:42 of 1st period - Shot Blocked by Jonathan Toews.
15:44 of 1st period - Shot by John Marino.
15:44 of 1st period - Stopped by Carey Price without a rebound.
15:45 of 1st period - Lars Eller wins face-off versus Jordan Staal in Blackhawks zone.
16:57 of 1st period - Icing by John Marino.
16:58 of 1st period - Jonathan Toews wins face-off versus Jean-Gabriel Pageau in Ducks zone.
17:07 of 1st period - Shot by Kyle Palmieri.
17:07 of 1st period - Stopped by Tristan Jarry without a rebound.
17:08 of 1st period - Nick Bonino wins face-off versus Joel Eriksson Ek in Ducks zone.
17:27 of 1st period - Shot by Travis Konecny.
17:27 of 1st period - Goal by Travis Konecny - Ducks : 1 - Blackhawks : 0.
17:28 of 1st period - Jonathan Toews wins face-off versus Jean-Gabriel Pageau in neutral zone.
17:37 of 1st period - Shot by Kyle Palmieri.
17:37 of 1st period - Shot Misses the Net.
19:11 of 1st period - Lars Eller is hit by Matt Calvert and loses puck.
19:20 of 1st period - Shot by Matt Calvert.
19:20 of 1st period - Shot Misses the Net.
19:22 of 1st period - Shot by Matt Calvert.
19:22 of 1st period - Shot Misses the Net.
19:28 of 1st period - Shot by Matt Calvert.
19:28 of 1st period - Stopped by Tristan Jarry with a rebound.
19:30 of 1st period - Shot by Matt Calvert.
19:30 of 1st period - Shot Blocked by John Marino.
19:44 of 1st period - Shot by Matt Calvert.
19:44 of 1st period - Shot Misses the Net.
19:46 of 1st period - Shot by Tomas Nosek.
19:46 of 1st period - Stopped by Tristan Jarry without a rebound.
19:47 of 1st period - Joel Eriksson Ek wins face-off versus Nick Bonino in Ducks zone.
19:47 of 1st period - Damon Severson is hit by Jason Dickinson.
Goals for this period are 1 for Ducks vs 0 for Blackhawks.
Shots for this period are 11 for Ducks vs 8 for Blackhawks.

2nd period


0:01 of 2nd period - Jonathan Toews wins face-off versus Jean-Gabriel Pageau in neutral zone.
0:10 of 2nd period - Shot by Jonathan Toews.
0:10 of 2nd period - Shot Misses the Net.
0:12 of 2nd period - Shot by Kyle Palmieri.
0:12 of 2nd period - Stopped by Tristan Jarry without a rebound.
0:13 of 2nd period - Joel Eriksson Ek wins face-off versus Nick Bonino in Ducks zone.
0:13 of 2nd period - Joel Eriksson Ek is hit by Jason Dickinson.
0:23 of 2nd period - Shot by Jason Dickinson.
0:23 of 2nd period - Stopped by Tristan Jarry without a rebound.
0:24 of 2nd period - Jean-Gabriel Pageau wins face-off versus Jordan Staal in Ducks zone.
0:44 of 2nd period - Damon Severson is hit by Derek Grant and loses puck.
0:57 of 2nd period - Minor Penalty to Jean-Gabriel Pageau for Hooking.
0:58 of 2nd period - Lars Eller wins face-off versus Jonathan Toews in Ducks zone.
1:03 of 2nd period - Justin Holl is hit by Lars Eller and loses puck.
1:33 of 2nd period - Off-side.
1:34 of 2nd period - Lars Eller wins face-off versus Jordan Staal in neutral zone.
1:39 of 2nd period - Shot by Jan Rutta.
1:39 of 2nd period - Stopped by Carey Price without a rebound.
1:40 of 2nd period - Jordan Staal wins face-off versus Lars Eller in Blackhawks zone.
1:42 of 2nd period - Icing by Roman Josi.
1:43 of 2nd period - Jordan Staal wins face-off versus Lars Eller in Blackhawks zone.
1:49 of 2nd period - Derek Grant is hit by Jeremy Lauzon and loses puck.
1:56 of 2nd period - Shot by Jordan Staal.
1:56 of 2nd period - Shot Misses the Net.
2:15 of 2nd period - Dmitry Orlov is hit by Lars Eller and loses puck.
2:41 of 2nd period - Chris Tierney is hit by Gabriel Landeskog and loses puck.
2:48 of 2nd period - Shot by Jonathan Toews.
2:48 of 2nd period - Stopped by Tristan Jarry without a rebound.
2:49 of 2nd period - Jonathan Toews wins face-off versus Lars Eller in Ducks zone.
2:54 of 2nd period - Shot by Kyle Palmieri.
2:54 of 2nd period - Stopped by Tristan Jarry without a rebound.
2:55 of 2nd period - Jonathan Toews wins face-off versus Joel Eriksson Ek in Ducks zone.
3:05 of 2nd period - Icing by Jean-Gabriel Pageau.
3:06 of 2nd period - Jonathan Toews wins face-off versus Jean-Gabriel Pageau in Ducks zone.
3:19 of 2nd period - Shot by Mikhail Sergachev.
3:19 of 2nd period - Deflect By Kirill Kaprizov.
3:19 of 2nd period - Shot Misses the Net.
4:14 of 2nd period - Shot by Evgeni Malkin.
4:14 of 2nd period - Stopped by Carey Price with a rebound.
4:16 of 2nd period - Shot by Lars Eller.
4:16 of 2nd period - Stopped by Carey Price without a rebound.
4:17 of 2nd period - Jordan Staal wins face-off versus Eeli Tolvanen in Blackhawks zone.
4:17 of 2nd period - Jordan Staal is hit by Eeli Tolvanen.
4:52 of 2nd period - Travis Konecny is hit by Roman Josi and loses puck.
5:44 of 2nd period - Shot by Patric Hornqvist.
5:44 of 2nd period - Stopped by Tristan Jarry without a rebound.
5:45 of 2nd period - Tomas Nosek wins face-off versus Jean-Gabriel Pageau in Ducks zone.
6:03 of 2nd period - Icing by John Marino.
6:04 of 2nd period - Jonathan Toews wins face-off versus Jean-Gabriel Pageau in Ducks zone.
6:05 of 2nd period - Shot by Roman Josi.
6:05 of 2nd period - Shot Blocked by Mikhail Sergachev.
7:31 of 2nd period - Shot by Patric Hornqvist.
7:31 of 2nd period - Shot Misses the Net.
7:33 of 2nd period - Shot by Patric Hornqvist.
7:33 of 2nd period - Stopped by Tristan Jarry without a rebound.
7:34 of 2nd period - Joel Eriksson Ek wins face-off versus Jordan Staal in Ducks zone.
7:38 of 2nd period - Eeli Tolvanen is hit by Jordan Staal and loses puck.
7:45 of 2nd period - Shot by Travis Konecny.
7:45 of 2nd period - Shot Misses the Net.
7:57 of 2nd period - Shot by Eeli Tolvanen.
7:57 of 2nd period - Stopped by Carey Price without a rebound.
7:58 of 2nd period - Tomas Nosek wins face-off versus Jean-Gabriel Pageau in Blackhawks zone.
8:08 of 2nd period - Shot by Matt Calvert.
8:08 of 2nd period - Stopped by Tristan Jarry without a rebound.
8:09 of 2nd period - Joel Eriksson Ek wins face-off versus Patric Hornqvist in Ducks zone.
8:29 of 2nd period - Icing by Patric Hornqvist.
8:30 of 2nd period - Jean-Gabriel Pageau wins face-off versus Nick Bonino in Blackhawks zone.
8:38 of 2nd period - Jean-Gabriel Pageau is hit by Anthony Bitetto and loses puck.
8:47 of 2nd period - Shot by Jean-Gabriel Pageau.
8:47 of 2nd period - Stopped by Carey Price with a rebound.
8:49 of 2nd period - Shot by Damon Severson.
8:49 of 2nd period - Stopped by Carey Price with a rebound.
8:59 of 2nd period - Shot by Jean-Gabriel Pageau.
8:59 of 2nd period - Stopped by Carey Price without a rebound.
9:00 of 2nd period - Jordan Staal wins face-off versus Lars Eller in Blackhawks zone.
9:15 of 2nd period - Shot by Derek Grant.
9:15 of 2nd period - Stopped by Tristan Jarry with a rebound.
9:28 of 2nd period - Derek Grant is hit by Mikhail Sergachev and loses puck.
9:40 of 2nd period - Icing by Ondrej Palat.
9:41 of 2nd period - Ondrej Palat wins face-off versus Jonathan Toews in Ducks zone.
10:11 of 2nd period - Off-side.
10:12 of 2nd period - Jean-Gabriel Pageau wins face-off versus Tomas Nosek in neutral zone.
10:24 of 2nd period - Icing by Anthony Bitetto.
10:25 of 2nd period - Joel Eriksson Ek wins face-off versus Tomas Nosek in Blackhawks zone.
10:38 of 2nd period - Shot by Matt Calvert.
10:38 of 2nd period - Deflect By Rocco Grimaldi.
10:38 of 2nd period - Shot Blocked by Jan Rutta.
10:40 of 2nd period - Shot by Marc Staal.
10:40 of 2nd period - Shot Misses the Net.
10:48 of 2nd period - Jeremy Lauzon is hit by Rocco Grimaldi and loses puck.
11:10 of 2nd period - Icing by Jeremy Lauzon.
11:11 of 2nd period - Joel Eriksson Ek wins face-off versus Jordan Staal in Ducks zone.
11:49 of 2nd period - Off-side.
11:50 of 2nd period - Jonathan Toews wins face-off versus Roope Hintz in neutral zone.
11:53 of 2nd period - Shot by Kyle Palmieri.
11:53 of 2nd period - Shot Blocked by John Marino.
12:48 of 2nd period - Kirill Kaprizov is hit by Anthony Bitetto and loses puck.
13:22 of 2nd period - Shot by Patric Hornqvist.
13:22 of 2nd period - Stopped by Tristan Jarry with a rebound.
13:57 of 2nd period - Zemgus Girgensons is hit by Dmitry Orlov and loses puck.
14:25 of 2nd period - Icing by Dmitry Orlov.
14:26 of 2nd period - Jordan Staal wins face-off versus Eeli Tolvanen in Blackhawks zone.
14:58 of 2nd period - Minor Penalty to Dmitry Orlov for Holding.
14:59 of 2nd period - Gabriel Landeskog wins face-off versus Evgeni Malkin in Blackhawks zone.
14:59 of 2nd period - Gabriel Landeskog is hit by Thomas Chabot.
15:17 of 2nd period - Shot by Kirill Kaprizov.
15:17 of 2nd period - Stopped by Carey Price without a rebound.
15:18 of 2nd period - Gabriel Landeskog wins face-off versus Jean-Gabriel Pageau in Blackhawks zone.
15:27 of 2nd period - Shot by John Marino.
15:27 of 2nd period - Shot Blocked by Cam Fowler.
15:29 of 2nd period - Shot by Damon Severson.
15:29 of 2nd period - Shot Blocked by Justin Holl.
15:40 of 2nd period - Icing by Jean-Gabriel Pageau.
15:41 of 2nd period - Jonathan Toews wins face-off versus Jean-Gabriel Pageau in Ducks zone.
15:42 of 2nd period - Shot by Cam Fowler.
15:42 of 2nd period - Stopped by Tristan Jarry without a rebound.
15:43 of 2nd period - Evgeni Malkin wins face-off versus Nick Bonino in Ducks zone.
16:31 of 2nd period - Roman Josi is hit by Roope Hintz and loses puck.
17:53 of 2nd period - Icing by Jason Dickinson.
17:54 of 2nd period - Nick Bonino wins face-off versus Joel Eriksson Ek in Blackhawks zone.
17:54 of 2nd period - Nick Bonino is hit by Joel Eriksson Ek.
18:02 of 2nd period - Shot by Jason Dickinson.
18:02 of 2nd period - Shot Misses the Net.
18:10 of 2nd period - Nick Bonino is hit by Eeli Tolvanen and loses puck.
18:25 of 2nd period - Shot by Travis Konecny.
18:25 of 2nd period - Stopped by Carey Price without a rebound.
18:26 of 2nd period - Jean-Gabriel Pageau wins face-off versus Kyle Palmieri in Blackhawks zone.
18:33 of 2nd period - Shot by Kirill Kaprizov.
18:33 of 2nd period - Stopped by Carey Price without a rebound.
18:34 of 2nd period - Jonathan Toews wins face-off versus Jean-Gabriel Pageau in Blackhawks zone.
19:07 of 2nd period - Shot by Gabriel Landeskog.
19:07 of 2nd period - Stopped by Tristan Jarry without a rebound.
19:08 of 2nd period - Lars Eller wins face-off versus Jordan Staal in Ducks zone.
19:08 of 2nd period - Lars Eller is hit by Jordan Staal.
19:29 of 2nd period - Shot by Ondrej Palat.
19:29 of 2nd period - Shot Misses the Net.
19:47 of 2nd period - Icing by Cam Fowler.
19:48 of 2nd period - Jordan Staal wins face-off versus Jean-Gabriel Pageau in Blackhawks zone.
19:50 of 2nd period - Justin Holl is hit by Roope Hintz and loses puck.
19:55 of 2nd period - Shot by Derek Grant.
19:55 of 2nd period - Shot Blocked by John Marino.
19:57 of 2nd period - Shot by Jordan Staal.
19:57 of 2nd period - Shot Misses the Net.
Goals for this period are 0 for Ducks vs 0 for Blackhawks.
Shots for this period are 10 for Ducks vs 11 for Blackhawks.

3rd period


0:01 of 3rd period - Jonathan Toews wins face-off versus Jean-Gabriel Pageau in neutral zone.
0:22 of 3rd period - Shot by Kirill Kaprizov.
0:22 of 3rd period - Shot Misses the Net.
0:24 of 3rd period - Shot by Jean-Gabriel Pageau.
0:24 of 3rd period - Deflect By Kirill Kaprizov.
0:24 of 3rd period - Stopped by Carey Price without a rebound.
0:25 of 3rd period - Nick Bonino wins face-off versus Lars Eller in Blackhawks zone.
0:31 of 3rd period - Icing by Justin Holl.
0:32 of 3rd period - Lars Eller wins face-off versus Nick Bonino in Blackhawks zone.
0:43 of 3rd period - Damon Severson is hit by Patric Hornqvist.
0:44 of 3rd period - Icing by Damon Severson.
0:45 of 3rd period - Lars Eller wins face-off versus Jonathan Toews in Ducks zone.
0:45 of 3rd period - Ondrej Palat is hit by Kyle Palmieri and loses puck.
0:49 of 3rd period - Icing by Damon Severson.
0:50 of 3rd period - Lars Eller wins face-off versus Gabriel Landeskog in Ducks zone.
0:50 of 3rd period - Lars Eller is hit by Gabriel Landeskog.
0:55 of 3rd period - Off-side.
0:56 of 3rd period - Jean-Gabriel Pageau wins face-off versus Jonathan Toews in neutral zone.
1:01 of 3rd period - Shot by Jean-Gabriel Pageau.
1:01 of 3rd period - Stopped by Carey Price without a rebound.
1:02 of 3rd period - Jean-Gabriel Pageau wins face-off versus Jonathan Toews in Blackhawks zone.
1:31 of 3rd period - Shot by Jonathan Toews.
1:31 of 3rd period - Stopped by Tristan Jarry with a rebound.
2:05 of 3rd period - Shot by Tomas Nosek.
2:05 of 3rd period - Stopped by Tristan Jarry with a rebound.
2:15 of 3rd period - Shot by Evgeni Malkin.
2:15 of 3rd period - Goal by Evgeni Malkin - Ducks : 2 - Blackhawks : 0.
2:16 of 3rd period - Joel Eriksson Ek wins face-off versus Jordan Staal in neutral zone.
2:54 of 3rd period - Derek Grant is hit by Jan Rutta and loses puck.
2:57 of 3rd period - Shot by Marc Staal.
2:57 of 3rd period - Stopped by Tristan Jarry without a rebound.
2:58 of 3rd period - Nick Bonino wins face-off versus Evgeni Malkin in Ducks zone.
4:10 of 3rd period - Minor Penalty to Mikhail Sergachev for Holding.
4:11 of 3rd period - Jonathan Toews wins face-off versus Jean-Gabriel Pageau in Ducks zone.
4:48 of 3rd period - Shot by Jonathan Toews.
4:48 of 3rd period - Stopped by Tristan Jarry with a rebound.
4:50 of 3rd period - Shot by Cam Fowler.
4:50 of 3rd period - Stopped by Tristan Jarry with a rebound.
5:18 of 3rd period - Shot by Roman Josi.
5:18 of 3rd period - Stopped by Tristan Jarry without a rebound.
5:19 of 3rd period - Jean-Gabriel Pageau wins face-off versus Jordan Staal in Ducks zone.
5:34 of 3rd period - Shot by Justin Holl.
5:34 of 3rd period - Shot Blocked by Lars Eller.
5:42 of 3rd period - Shot by Cam Fowler.
5:42 of 3rd period - Stopped by Tristan Jarry with a rebound.
6:13 of 3rd period - Shot by Rocco Grimaldi.
6:13 of 3rd period - Deflect By Matt Calvert.
6:13 of 3rd period - Goal by Matt Calvert - Ducks : 2 - Blackhawks : 1.
6:14 of 3rd period - Jean-Gabriel Pageau wins face-off versus Tomas Nosek in neutral zone.
7:47 of 3rd period - Shot by Zemgus Girgensons.
7:47 of 3rd period - Shot Blocked by Roman Josi.
8:18 of 3rd period - Icing by Cam Fowler.
8:19 of 3rd period - Jordan Staal wins face-off versus Lars Eller in Blackhawks zone.
8:26 of 3rd period - Jakub Voracek is hit by Ondrej Palat.
8:39 of 3rd period - Minor Penalty to Mikhail Sergachev for Interference.
8:40 of 3rd period - Jordan Staal wins face-off versus Jean-Gabriel Pageau in Ducks zone.
8:59 of 3rd period - Shot by Roman Josi.
8:59 of 3rd period - Stopped by Tristan Jarry without a rebound.
9:00 of 3rd period - Gabriel Landeskog wins face-off versus Lars Eller in Ducks zone.
9:47 of 3rd period - Damon Severson is hit by Kyle Palmieri and loses puck.
10:04 of 3rd period - Shot by Roman Josi.
10:04 of 3rd period - Shot Blocked by Lars Eller.
10:32 of 3rd period - Shot by Jordan Staal.
10:32 of 3rd period - Deflect By Derek Grant.
10:32 of 3rd period - Shot Misses the Net.
11:12 of 3rd period - Shot by Patric Hornqvist.
11:12 of 3rd period - Shot Misses the Net.
11:18 of 3rd period - Shot by Nick Bonino.
11:18 of 3rd period - Stopped by Tristan Jarry without a rebound.
11:19 of 3rd period - Chris Tierney wins face-off versus Rocco Grimaldi in Ducks zone.
12:15 of 3rd period - Shot by Thomas Chabot.
12:15 of 3rd period - Stopped by Carey Price without a rebound.
12:16 of 3rd period - Joel Eriksson Ek wins face-off versus Jonathan Toews in Blackhawks zone.
12:17 of 3rd period - Shot by Travis Konecny.
12:17 of 3rd period - Stopped by Carey Price with a rebound.
12:28 of 3rd period - Icing by Dmitry Orlov.
12:29 of 3rd period - Jonathan Toews wins face-off versus Jean-Gabriel Pageau in Blackhawks zone.
13:21 of 3rd period - Damon Severson is hit by Gabriel Landeskog and loses puck.
14:10 of 3rd period - Shot by Jordan Staal.
14:10 of 3rd period - Deflect By Jakub Voracek.
14:10 of 3rd period - Shot Misses the Net.
14:20 of 3rd period - Shot by Ondrej Palat.
14:20 of 3rd period - Shot Blocked by Marc Staal.
14:50 of 3rd period - Shot by Travis Konecny.
14:50 of 3rd period - Stopped by Carey Price with a rebound.
15:10 of 3rd period - Shot by Eeli Tolvanen.
15:10 of 3rd period - Shot Blocked by Anthony Bitetto.
15:12 of 3rd period - Shot by Joel Eriksson Ek.
15:12 of 3rd period - Shot Misses the Net.
15:14 of 3rd period - Shot by Jeremy Lauzon.
15:14 of 3rd period - Stopped by Carey Price without a rebound.
15:15 of 3rd period - Chris Tierney wins face-off versus Nick Bonino in Blackhawks zone.
15:26 of 3rd period - Shot by Chris Tierney.
15:26 of 3rd period - Deflect By Zemgus Girgensons.
15:26 of 3rd period - Shot Misses the Net.
16:00 of 3rd period - Shot by Lars Eller.
16:00 of 3rd period - Deflect By Ondrej Palat.
16:00 of 3rd period - Stopped by Carey Price with a rebound.
16:02 of 3rd period - Shot by Lars Eller.
16:02 of 3rd period - Shot Blocked by Patric Hornqvist.
16:04 of 3rd period - Shot by Thomas Chabot.
16:04 of 3rd period - Shot Blocked by Cam Fowler.
16:06 of 3rd period - Shot by Evgeni Malkin.
16:06 of 3rd period - Stopped by Carey Price with a rebound.
16:08 of 3rd period - Shot by Lars Eller.
16:08 of 3rd period - Stopped by Carey Price without a rebound.
16:09 of 3rd period - Jean-Gabriel Pageau wins face-off versus Jonathan Toews in Blackhawks zone.
16:09 of 3rd period - Jean-Gabriel Pageau is hit by Dmitry Orlov.
16:36 of 3rd period - Shot by Gabriel Landeskog.
16:36 of 3rd period - Shot Blocked by Jeremy Lauzon.
16:38 of 3rd period - Shot by Dmitry Orlov.
16:38 of 3rd period - Shot Blocked by Jan Rutta.
16:49 of 3rd period - Roope Hintz is hit by Gabriel Landeskog and loses puck.
17:24 of 3rd period - Shot by Rocco Grimaldi.
17:24 of 3rd period - Stopped by Tristan Jarry without a rebound.
17:25 of 3rd period - Joel Eriksson Ek wins face-off versus Nick Bonino in Ducks zone.
17:47 of 3rd period - Icing by Eeli Tolvanen.
17:48 of 3rd period - Joel Eriksson Ek wins face-off versus Tomas Nosek in Ducks zone.
17:48 of 3rd period - Joel Eriksson Ek is hit by Tomas Nosek.
17:58 of 3rd period - Shot by Travis Konecny.
17:58 of 3rd period - Shot Misses the Net.
18:06 of 3rd period - Shot by Eeli Tolvanen.
18:06 of 3rd period - Shot Misses the Net.
18:08 of 3rd period - Shot by John Marino.
18:08 of 3rd period - Stopped by Carey Price without a rebound.
18:09 of 3rd period - Jordan Staal wins face-off versus Ondrej Palat in Blackhawks zone.
18:09 of 3rd period - Jordan Staal is hit by Ondrej Palat.
18:15 of 3rd period - Shot by Cam Fowler.
18:15 of 3rd period - Shot Misses the Net.
18:19 of 3rd period - Shot by Jordan Staal.
18:19 of 3rd period - Shot Misses the Net.
18:36 of 3rd period - Jakub Voracek is hit by Thomas Chabot.
18:52 of 3rd period - Shot by Ondrej Palat.
18:52 of 3rd period - Stopped by Carey Price without a rebound.
18:53 of 3rd period - Nick Bonino wins face-off versus Jean-Gabriel Pageau in Blackhawks zone.
18:53 of 3rd period - Roman Josi is hit by Jean-Gabriel Pageau and loses puck.
19:00 of 3rd period - Shot by Kirill Kaprizov.
19:00 of 3rd period - Stopped by Carey Price without a rebound.
19:01 of 3rd period - Kyle Palmieri wins face-off versus Jean-Gabriel Pageau in Blackhawks zone.
19:14 of 3rd period - Blackhawks, Carey Price is pulled from the net.
19:40 of 3rd period - Shot by Jonathan Toews.
19:40 of 3rd period - Stopped by Tristan Jarry without a rebound.
19:41 of 3rd period - Jean-Gabriel Pageau wins face-off versus Jonathan Toews in Ducks zone.
19:48 of 3rd period - Jonathan Toews is hit by Roope Hintz and loses puck.
Goals for this period are 1 for Ducks vs 1 for Blackhawks.
Shots for this period are 13 for Ducks vs 12 for Blackhawks.